 Dungeon Crawl Stone Soup version 0.29.0-4-gdea44cf6ec (webtiles) character file.

Game seed: 4099536842503610838

8394 qw the Grappler (level 11, -2/104 HPs)
             Began as a Troll Cinder Acolyte on Aug 31, 2022.
             Was a Believer of Okawaru.
             Shot with an arrow by a centaur warrior (25 damage)
             ... on level 13 of the Dungeon.
             The game lasted 00:05:34 (9816 turns).

qw the Grappler (Troll Cinder Acolyte)              Turns: 9816, Time: 00:05:34

Health: -2/104     AC: 10    Str: 34    XL:     11   Next: 9%
Magic:  11/13      EV:  9    Int: 10    God:    Okawaru [**....]
Gold:   419        SH:  9    Dex:  5    Spells: 12/12 levels left

rFire   . . .      SeeInvis .     - Unarmed
rCold   . . .      Faith    .   a - +0 kite shield
rNeg    . . .      Spirit   .   v - +1 acid dragon scales
rPois   .          Reflect  .   (helmet restricted)
rElec   .          Harm     .   n - scarf {repulsion}
rCorr   +          Rampage  .   (gloves unavailable)
Will    .....                   (boots unavailable)
Stlth   ++........              (no amulet)
HPRegen 1.07/turn               o - +6 ring of strength
MPRegen 0.13/turn               (no ring)

@: about to teleport, heroic, repel missiles, fire susceptible
A: large, unfitting armour, claws 3, regeneration 1, shaggy fur 1, tough skin 1
a: Renounce Religion, Heroism


You were on level 13 of the Dungeon.
You worshipped Okawaru.
Okawaru was pleased with you.
You visited 2 branches of the dungeon, and saw 12 of its levels.
You also visited: Ossuary.

You collected 605 gold pieces.
You spent 186 gold pieces at shops.


Innate Abilities, Weirdness & Mutations

You are too large for most types of armour.
You have claws for hands.
Your natural rate of healing is unusually fast.
You are covered in fur. (AC +1)
You have tough skin. (AC +1)


   Skills:
 - Level 5.2(10.2) Fighting
 - Level 4.1(9.1) Throwing
 - Level 1.7(6.7) Armour
 - Level 1.4(6.4) Dodging
 + Level 5.7(10.7) Shields
 - Level 13.3(18.3) Unarmed Combat
 - Level 1.0 Spellcasting
 - Level 2.1 Fire Magic
 - Level 4.0 Invocations


You had 12 spell levels left.
You didn't know any spells.
Your spell library contained the following spells:

 Spells                   Type           Power      Damage    Failure   Level
 Scorch                   Fire           8%         2d5       41%         2

Inventory:

Missiles
 g - 2 boomerangs
 q - 4 javelins (quivered)
 r - 3 large rocks
Armour
 a - a +0 kite shield (worn)
 d - a +0 robe of fire resistance
 m - a +0 cloak
 n - a scarf of repulsion (worn)
 v - +1 acid dragon scales (worn)
Jewellery
 o - a +6 ring of strength (left claw)
Scrolls
 e - a scroll of enchant weapon
 f - a scroll of identify
 l - 3 scrolls of teleportation
Potions
 c - 4 potions of haste
 h - a potion of resistance
 i - a potion of cancellation {unknown}
 j - a potion of might
 k - 7 potions of curing
 p - a potion of mutation {unknown}
 t - a potion of invisibility {unknown}

Dungeon Overview and Level Annotations

Branches:
Dungeon (13/15)            Temple (1/1) D:5         Ossuary (visited)
   Lair: D:8-11         Orc: D:9-12      Vaults: D:13-14

Altars:
Ashenzari
Cheibriados
Fedhas
Hepliaklqana
Kikubaaqudgha
Makhleb
Okawaru
Ru
Trog
Wu Jian
Xom
Yredelemnul
Zin
The Shining One

Shops:
D:6 *

Annotations:
D:7 2 runed translucent doors, 2 transporters
D:9 2 transporters


Message History

Your surroundings suddenly seem different.
A centaur warrior and a two-headed ogre come into view.
Found a flail and a scroll of identify.
Found a stone staircase leading up.
Enter note:
9808 ||| INVOKING Heroism.
You gain the combat prowess of a mighty hero.
The centaur warrior wields a +0 longbow.
The centaur warrior shoots an arrow.
The arrow barely misses you. The two-headed ogre barely misses you.
The two-headed ogre hits you with a +0 giant club!
The centaur warrior shoots an arrow.
The arrow closely misses you.
You mangle the two-headed ogre!!
The two-headed ogre is moderately wounded.
The centaur warrior shoots an arrow.
The arrow completely misses you.
You barely miss the two-headed ogre.
The two-headed ogre is moderately wounded.
The centaur warrior shoots an arrow.
The arrow hits you! You block the two-headed ogre's attack.
The two-headed ogre closely misses you.
You scratch the two-headed ogre.
The two-headed ogre is moderately wounded.
The centaur warrior shoots an arrow.
The arrow hits you!
You mangle the two-headed ogre!!
The two-headed ogre is almost dead.
The centaur warrior shoots an arrow.
You block the arrow. You block the two-headed ogre's attack.
The two-headed ogre hits you with a +0 giant club!!
You mangle the two-headed ogre!!
You kill the two-headed ogre!
Okawaru accepts your kill.
The centaur warrior shoots an arrow.
The arrow hits you!!
Your Invocations skill increases to level 4!
The centaur warrior shoots an arrow.
The arrow closely misses you.
The centaur warrior shoots an arrow.
The arrow completely misses you.
The centaur warrior shoots an arrow.
The arrow hits you!
9816 ||| READING 4 scrolls of teleportation.
As you read the scroll of teleportation, it crumbles to dust.
You feel strangely unstable.
The centaur warrior shoots an arrow.
You block the arrow.
The centaur warrior shoots an arrow.
The arrow hits you!!
You die...

. .#
######.#.
##........
##.)....?..
#..).......
#....<.....
#..@.......
#..........
#..........
##..c......
##........
#######..
..


You could see a centaur warrior.

Vanquished Creatures
  A boulder beetle (D:13)
  2 two-headed ogres
  Pikel (D:9)
  An ugly thing (D:9)
  A manticore (D:13)
  Psyche (D:8)
  4 trolls
  Grinder (D:4)
  A wraith (D:9)
  6 fire elementals (D:10)
  A steam dragon (D:9)
  3 vampire mosquitoes (D:10)
  Menkaure (Ossuary)
  An acid dragon (D:9)
  An orc warrior (D:6)
  2 ice beasts (D:6)
  An ogre (D:6)
  4 centaurs
  3 kobold brigands
  5 bullfrogs
  A necrophage (D:7)
  2 gnoll sergeants
  2 scorpions
  9 wights (D:8)
  5 killer bees (D:10)
  3 howler monkeys
  A crimson imp (D:6)
  An orc priest (D:9)
  4 hounds
  3 iguanas
  Jessica (D:2)
  4 orc wizards
  5 mummies
  Robin (D:2)
  18 gnolls
  8 adders
  A shadow imp (D:7)
  An ufetubus (D:6)
  2 worms (D:3)
  10 dart slugs
  24 orcs
  3 ball pythons
  7 bats
  6 endoplasms
  A giant cockroach (D:3)
  12 goblins
  6 hobgoblins
  5 quokkas
  2 frilled lizards
  7 gnoll skeletons (Ossuary)
  5 gnoll zombies (Ossuary)
  5 goblin skeletons
  4 goblin zombies
  4 hobgoblin skeletons (Ossuary)
  9 hobgoblin zombies
  21 kobolds
  5 kobold skeletons
  6 kobold zombies
  3 orc skeletons (Ossuary)
  6 orc zombies
  10 rats
  5 rat skeletons (Ossuary)
  6 rat zombies (Ossuary)
  A spectral orc (D:8)
286 creatures vanquished.

Vanquished Creatures (others)
  6 plants (D:6)
6 creatures vanquished.

Grand Total: 292 creatures vanquished

Notes
Turn   | Place    | Note
-------+----------+-------------------------------------------
     0 | D:1      | qw the Troll Cinder Acolyte began the quest for the Orb.
     0 | D:1      | Reached XP level 1. HP: 22/22 MP: 1/1
     0 | D:1      | 0 ||| qw: Version: 0.1-a-97-g2dd2ca4
     0 | D:1      | 0 ||| qw: Game counter: 4655
     0 | D:1      | 0 ||| qw: Always use a shield: true
     0 | D:1      | 0 ||| qw: God list: Okawaru
     0 | D:1      | 0 ||| qw: Allow faded altars: false
     0 | D:1      | 0 ||| qw: Do Orc after D:15 true
     0 | D:1      | 0 ||| qw: Do second Lair branch before Depths: true
     0 | D:1      | 0 ||| qw: Lair rune preference: random
     0 | D:1      | 0 ||| qw: Plans: Normal
     0 | D:1      | 0 ||| PLANNING D:1-11
    36 | D:1      | 36 ||| Stepping ~*~*~tactically~*~*~ (hiding).
   465 | D:1      | 465 ||| Stepping ~*~*~tactically~*~*~ (outnumbered).
   471 | D:1      | Reached XP level 2. HP: 29/29 MP: 2/2
   948 | D:1      | 948 ||| Stepping ~*~*~tactically~*~*~ (hiding).
  1096 | D:1      | Reached skill level 4 in Unarmed Combat
  1242 | D:1      | 1242 ||| READING 3 scrolls labelled TUOSKIARAWK.
  1243 | D:1      | 1243 ||| READING 2 scrolls labelled UFISIO PASKEWN.
  1244 | D:1      | 1244 ||| READING scroll labelled UGUROO CIHUTOKK.
  1245 | D:1      | 1245 ||| READING scroll labelled PIERA VYNEGAL.
  1246 | D:1      | 1246 ||| DRINKING 2 smoky ruby potions.
  1279 | D:1      | 1279 ||| READING 2 scrolls of identify.
  1279 | D:1      | 1279 ||| IDENTIFYING cyan potion
  1280 | D:1      | 1280 ||| DROPPING potion of lignification.
  1281 | D:1      | 1281 ||| DROPPING potion of brilliance.
  1282 | D:1      | 1282 ||| DROPPING scroll of immolation.
  1294 | D:2      | 1294 ||| Stepping ~*~*~tactically~*~*~ (hiding).
  1332 | D:2      | 1332 ||| Stepping ~*~*~tactically~*~*~ (stealth).
  1340 | D:2      | Reached XP level 3. HP: 36/36 MP: 3/3
  1407 | D:2      | 1407 ||| Stepping ~*~*~tactically~*~*~ (outnumbered).
  1408 | D:2      | 1408 ||| Stepping ~*~*~tactically~*~*~ (outnumbered).
  1658 | D:2      | Noticed Jessica
  1661 | D:2      | Killed Jessica
  1698 | D:2      | Found a faded altar of an unknown god.
  1888 | D:2      | Reached XP level 4. HP: 44/44 MP: 4/4
  1889 | D:2      | 1889 ||| Stepping ~*~*~tactically~*~*~ (hiding).
  1896 | D:2      | Reached skill level 5 in Unarmed Combat
  1940 | D:2      | Noticed Robin
  1954 | D:2      | 1954 ||| INVOKING Fiery Armour.
  1955 | D:2      | Killed Robin
  2080 | D:2      | 2080 ||| READING scroll labelled MUBUXUC GOIHEZ.
  2102 | D:2      | 2102 ||| READING scroll labelled VENYOM ZEWOS.
  2103 | D:2      | 2103 ||| READING scroll labelled KUUSCH ZENWIEL.
  2106 | D:2      | 2106 ||| DRINKING 3 pink potions.
  2107 | D:2      | 2107 ||| DRINKING 2 blue potions.
  2146 | D:3      | 2146 ||| STAIRDANCE
  2522 | D:3      | Reached XP level 5. HP: 50/50 MP: 5/5
  2554 | D:3      | 2554 ||| Stepping ~*~*~tactically~*~*~ (stealth).
  2666 | D:3      | Reached skill level 6 in Unarmed Combat
  2769 | D:3      | 2769 ||| Stepping ~*~*~tactically~*~*~ (stealth).
  2811 | D:3      | 2811 ||| Stepping ~*~*~tactically~*~*~ (stealth).
  2813 | D:3      | 2813 ||| Stepping ~*~*~tactically~*~*~ (hiding).
  2815 | D:3      | 2815 ||| INVOKING Fiery Armour.
  2822 | D:3      | 2822 ||| Stepping ~*~*~tactically~*~*~ (outnumbered).
  3042 | D:3      | 3042 ||| UPGRADING to +0 cloak.
  3047 | D:3      | 3047 ||| UPGRADING to scarf of repulsion.
  3057 | D:3      | 3057 ||| READING scroll labelled ZAR JIATAINN.
  3058 | D:3      | 3058 ||| READING scroll labelled WUXYEJE OFOHIRU.
  3059 | D:3      | 3059 ||| DRINKING 2 grey potions.
  3060 | D:3      | 3060 ||| READING 2 scrolls of identify.
  3060 | D:3      | 3060 ||| IDENTIFYING viscous dark potion
  3061 | D:3      | 3061 ||| DROPPING potion of flight.
  3093 | D:4      | 3093 ||| PLANNING OSSUARY
  3181 | D:4      | Noticed Grinder
  3188 | D:4      | Killed Grinder
  3189 | D:4      | Reached skill level 7 in Unarmed Combat
  3189 | D:4      | Reached XP level 6. HP: 59/59 MP: 6/6
  3218 | D:4      | 3218 ||| Stepping ~*~*~tactically~*~*~ (stealth).
  3292 | D:4      | 3292 ||| INVOKING Fiery Armour.
  3437 | D:4      | Found a sand-covered staircase.
  3443 | D:4      | Reached skill level 8 in Unarmed Combat
  3448 | Ossuary  | Entered an ossuary
  3457 | Ossuary  | Reached XP level 7. HP: 66/66 MP: 7/7
  3586 | Ossuary  | 3586 ||| Stepping ~*~*~tactically~*~*~ (outnumbered).
  3587 | Ossuary  | 3587 ||| Stepping ~*~*~tactically~*~*~ (outnumbered).
  4236 | Ossuary  | Reached skill level 3 in Fighting
  4271 | Ossuary  | Noticed Menkaure
  4275 | Ossuary  | Killed Menkaure
  4296 | Ossuary  | 4296 ||| Stepping ~*~*~tactically~*~*~ (stealth).
  4339 | Ossuary  | 4339 ||| READING scroll labelled AGRAZU QAXARPH.
  4340 | Ossuary  | 4340 ||| READING scroll labelled HEHOLE AT KEYGG.
  4441 | Ossuary  | 4441 ||| READING 2 scrolls labelled NAEMEA ISHROFOU.
  4442 | Ossuary  | 4442 ||| READING 4 scrolls of identify.
  4442 | Ossuary  | 4442 ||| IDENTIFYING lumpy cyan potion
  4443 | Ossuary  | 4443 ||| READING 3 scrolls of identify.
  4443 | Ossuary  | 4443 ||| IDENTIFYING orange potion
  4444 | Ossuary  | 4444 ||| READING 2 scrolls of identify.
  4444 | Ossuary  | 4444 ||| IDENTIFYING dark potion
  4445 | Ossuary  | 4445 ||| DROPPING potion of degeneration.
  4446 | Ossuary  | 4446 ||| DROPPING potion of attraction.
  4447 | Ossuary  | 4447 ||| DROPPING scroll of noise.
  4452 | D:4      | 4452 ||| PLANNING D:1-11
  4530 | D:5      | Entered Level 5 of the Dungeon
  4554 | D:5      | 4554 ||| Stepping ~*~*~tactically~*~*~ (outnumbered).
  4599 | D:5      | 4599 ||| Stepping ~*~*~tactically~*~*~ (hiding).
  4915 | D:5      | Found a staircase to the Ecumenical Temple.
  5132 | D:5      | Reached skill level 9 in Unarmed Combat
  5439 | D:6      | Reached skill level 1 in Dodging
  5557 | D:6      | Found a glowing golden altar of the Shining One.
  5558 | D:6      | 5558 ||| Stepping ~*~*~tactically~*~*~ (hiding).
  5559 | D:6      | 5559 ||| INVOKING Fiery Armour.
  5566 | D:6      | 5566 ||| Stepping ~*~*~tactically~*~*~ (outnumbered).
  5568 | D:6      | 5568 ||| Stepping ~*~*~tactically~*~*~ (outnumbered).
  5569 | D:6      | 5569 ||| Stepping ~*~*~tactically~*~*~ (outnumbered).
  5582 | D:6      | Reached XP level 8. HP: 75/75 MP: 8/8
  5614 | D:6      | 5614 ||| Stepping ~*~*~tactically~*~*~ (stealth).
  5615 | D:6      | 5615 ||| Stepping ~*~*~tactically~*~*~ (stealth).
  5720 | D:6      | 5720 ||| Stepping ~*~*~tactically~*~*~ (hiding).
  5731 | D:6      | 5731 ||| Stepping ~*~*~tactically~*~*~ (outnumbered).
  5732 | D:6      | 5732 ||| INVOKING Fiery Armour.
  5782 | D:6      | Found Gifienek's Assorted Antiques.
  5787 | D:6      | 5787 ||| BUYING coppery potion (24 gold).
  5787 | D:6      | Bought a coppery potion for 24 gold pieces
  5787 | D:6      | 5787 ||| BUYING scroll of teleportation (81 gold).
  5787 | D:6      | Bought a scroll of teleportation for 81 gold pieces
  5787 | D:6      | 5787 ||| BUYING scroll of teleportation (81 gold).
  5787 | D:6      | Bought a scroll of teleportation for 81 gold pieces
  5894 | D:6      | Reached skill level 10 in Unarmed Combat
  5902 | D:6      | 5902 ||| FLEEEEING.
  5903 | D:6      | 5903 ||| FLEEEEING.
  5904 | D:6      | 5904 ||| FLEEEEING.
  5911 | D:6      | 5911 ||| Stepping ~*~*~tactically~*~*~ (outnumbered).
  5929 | D:6      | 5929 ||| Stepping ~*~*~tactically~*~*~ (stealth).
  5945 | D:6      | 5945 ||| INVOKING Fiery Armour.
  6061 | D:6      | 6061 ||| FLEEEEING.
  6062 | D:6      | 6062 ||| FLEEEEING.
  6063 | D:6      | 6063 ||| FLEEEEING.
  6064 | D:6      | 6064 ||| FLEEEEING.
  6065 | D:6      | 6065 ||| FLEEEEING.
  6066 | D:6      | 6066 ||| FLEEEEING.
  6067 | D:6      | 6067 ||| FLEEEEING.
  6070 | D:6      | 6070 ||| FLEEEEING.
  6071 | D:6      | 6071 ||| FLEEEEING.
  6072 | D:6      | 6072 ||| FLEEEEING.
  6073 | D:6      | 6073 ||| FLEEEEING.
  6076 | D:6      | 6076 ||| FLEEEEING.
  6077 | D:6      | 6077 ||| FLEEEEING.
  6078 | D:6      | 6078 ||| FLEEEEING.
  6079 | D:6      | 6079 ||| FLEEEEING.
  6080 | D:6      | 6080 ||| FLEEEEING.
  6083 | D:6      | 6083 ||| FLEEEEING.
  6088 | D:6      | 6088 ||| FLEEEEING.
  6089 | D:6      | 6089 ||| FLEEEEING.
  6090 | D:6      | 6090 ||| FLEEEEING.
  6143 | D:6      | 6143 ||| Stepping ~*~*~tactically~*~*~ (outnumbered).
  6144 | D:6      | 6144 ||| Stepping ~*~*~tactically~*~*~ (outnumbered).
  6145 | D:6      | 6145 ||| Stepping ~*~*~tactically~*~*~ (outnumbered).
  6147 | D:6      | 6147 ||| Stepping ~*~*~tactically~*~*~ (outnumbered).
  6622 | D:6      | 6622 ||| READING 2 scrolls labelled JAPRYOSCHICK.
  6623 | D:6      | 6623 ||| READING 3 scrolls of identify.
  6623 | D:6      | 6623 ||| IDENTIFYING smoky grey potion
  6624 | D:6      | 6624 ||| READING 2 scrolls of identify.
  6624 | D:6      | 6624 ||| IDENTIFYING coppery potion
  6625 | D:6      | 6625 ||| DROPPING potion of ambrosia.
  6626 | D:6      | 6626 ||| DROPPING potion of magic.
  6652 | D:7      | 6652 ||| STAIRDANCE
  6654 | D:6      | 6654 ||| Stepping ~*~*~tactically~*~*~ (outnumbered).
  6655 | D:6      | 6655 ||| Stepping ~*~*~tactically~*~*~ (outnumbered).
  6671 | D:7      | 6671 ||| STAIRDANCE
  6671 | D:7      | HP: 11/78 [ogre/+0 giant club (21)]
  6673 | D:6      | 6673 ||| READING 8 scrolls of teleportation.
  6673 | D:6      | HP: 4/78 [ice beast (9)]
  6674 | D:6      | 6674 ||| DRINKING potion of heal wounds.
  6675 | D:6      | 6675 ||| INVOKING Fiery Armour.
  6676 | D:6      | 6676 ||| Stepping ~*~*~tactically~*~*~ (outnumbered).
  6763 | D:7      | 6763 ||| STAIRDANCE
  6791 | D:7      | 6791 ||| Stepping ~*~*~tactically~*~*~ (stealth).
  6862 | D:7      | 6862 ||| Stepping ~*~*~tactically~*~*~ (stealth).
  6864 | D:7      | 6864 ||| Stepping ~*~*~tactically~*~*~ (stealth).
  6866 | D:7      | 6866 ||| Stepping ~*~*~tactically~*~*~ (stealth).
  6869 | D:7      | 6869 ||| Stepping ~*~*~tactically~*~*~ (outnumbered).
  6888 | D:7      | Found a large runed translucent door.
  6894 | D:7      | 6894 ||| Stepping ~*~*~tactically~*~*~ (stealth).
  6895 | D:7      | 6895 ||| Stepping ~*~*~tactically~*~*~ (stealth).
  6896 | D:7      | Found a large runed translucent door.
  6953 | D:7      | 6953 ||| Stepping ~*~*~tactically~*~*~ (stealth).
  6954 | D:7      | 6954 ||| Stepping ~*~*~tactically~*~*~ (stealth).
  6969 | D:7      | Found a sacrificial altar of Ru.
  6984 | D:7      | Reached skill level 11 in Unarmed Combat
  7089 | D:7      | Noticed a troll
  7090 | D:7      | Noticed a cyclops
  7175 | D:7      | Found a transporter.
  7177 | D:7      | Found a transporter.
  7225 | D:7      | 7225 ||| DROPPING ring of wizardry.
  7246 | D:8      | 7246 ||| Stepping ~*~*~tactically~*~*~ (hiding).
  7249 | D:8      | 7249 ||| INVOKING Fiery Armour.
  7250 | D:8      | 7250 ||| Stepping ~*~*~tactically~*~*~ (outnumbered).
  7250 | D:8      | HP: 18/75 [wight/+2 vorpal spear (1)]
  7254 | D:8      | Reached XP level 9. HP: 17/82 MP: 9/9
  7254 | D:8      | 7254 ||| READING 7 scrolls of teleportation.
  7255 | D:8      | 7255 ||| Stepping ~*~*~tactically~*~*~ (outnumbered).
  7255 | D:8      | HP: 10/80 [wight/+2 vorpal spear (1)]
  7426 | D:8      | 7426 ||| Stepping ~*~*~tactically~*~*~ (stealth).
  7442 | D:8      | 7442 ||| Stepping ~*~*~tactically~*~*~ (stealth).
  7446 | D:8      | 7446 ||| INVOKING Fiery Armour.
  7450 | D:8      | 7450 ||| Stepping ~*~*~tactically~*~*~ (hiding).
  7582 | D:8      | Noticed Psyche
  7583 | D:8      | 7583 ||| Stepping ~*~*~tactically~*~*~ (stealth).
  7589 | D:8      | Reached skill level 1 in Throwing
  7593 | D:8      | Killed Psyche
  7594 | D:8      | Reached skill level 12 in Unarmed Combat
  7594 | D:8      | 7594 ||| INVOKING Fiery Armour.
  7595 | D:8      | 7595 ||| Stepping ~*~*~tactically~*~*~ (outnumbered).
  7597 | D:8      | HP: 13/84 [wight/+5 great sword of freezing (18)]
  7598 | D:8      | 7598 ||| READING 6 scrolls of teleportation.
  7774 | D:8      | Found a basalt altar of Yredelemnul.
  7836 | D:8      | 7836 ||| Stepping ~*~*~tactically~*~*~ (hiding).
  8099 | D:8      | 8099 ||| UPGRADING to +0 robe of fire resistance.
  8109 | D:8      | 8109 ||| DROPPING +0 robe.
  8110 | D:8      | 8110 ||| DROPPING ring of magical power.
  8111 | D:8      | 8111 ||| UPGRADING to +6 ring of strength.
  8155 | D:9      | 8155 ||| Stepping ~*~*~tactically~*~*~ (stealth).
  8158 | D:9      | 8158 ||| Stepping ~*~*~tactically~*~*~ (hiding).
  8179 | D:9      | 8179 ||| INVOKING Fiery Armour.
  8181 | D:9      | 8181 ||| FLEEEEING.
  8182 | D:9      | 8182 ||| FLEEEEING.
  8183 | D:9      | 8183 ||| FLEEEEING.
  8184 | D:9      | 8184 ||| FLEEEEING.
  8185 | D:9      | 8185 ||| FLEEEEING.
  8186 | D:9      | 8186 ||| FLEEEEING.
  8192 | D:9      | 8192 ||| Stepping ~*~*~tactically~*~*~ (outnumbered).
  8193 | D:9      | 8193 ||| Stepping ~*~*~tactically~*~*~ (outnumbered).
  8194 | D:9      | 8194 ||| Stepping ~*~*~tactically~*~*~ (outnumbered).
  8195 | D:9      | 8195 ||| Stepping ~*~*~tactically~*~*~ (outnumbered).
  8196 | D:9      | 8196 ||| Stepping ~*~*~tactically~*~*~ (outnumbered).
  8197 | D:9      | 8197 ||| Stepping ~*~*~tactically~*~*~ (outnumbered).
  8198 | D:9      | 8198 ||| Stepping ~*~*~tactically~*~*~ (outnumbered).
  8238 | D:9      | Noticed a troll
  8245 | D:9      | Killed a troll
  8290 | D:9      | Noticed Pikel
  8291 | D:9      | 8291 ||| Stepping ~*~*~tactically~*~*~ (stealth).
  8299 | D:9      | 8299 ||| Stepping ~*~*~tactically~*~*~ (stealth).
  8300 | D:9      | Killed Pikel
  8301 | D:9      | Reached skill level 13 in Unarmed Combat
  8323 | D:9      | Noticed a troll
  8333 | D:9      | Killed a troll
  8334 | D:9      | Reached XP level 10. HP: 61/96 MP: 10/10
  8414 | D:9      | Noticed a two-headed ogre
  8415 | D:9      | Noticed a purple ugly thing
  8419 | D:9      | 8419 ||| Stepping ~*~*~tactically~*~*~ (outnumbered).
  8421 | D:9      | 8421 ||| Stepping ~*~*~tactically~*~*~ (outnumbered).
  8422 | D:9      | 8422 ||| Stepping ~*~*~tactically~*~*~ (outnumbered).
  8423 | D:9      | 8423 ||| Stepping ~*~*~tactically~*~*~ (outnumbered).
  8424 | D:9      | 8424 ||| Stepping ~*~*~tactically~*~*~ (outnumbered).
  8425 | D:9      | 8425 ||| INVOKING Fiery Armour.
  8425 | D:9      | HP: 23/96 [purple ugly thing (10)]
  8426 | D:9      | 8426 ||| READING 6 scrolls of teleportation.
  8427 | D:9      | 8427 ||| Stepping ~*~*~tactically~*~*~ (outnumbered).
  8429 | D:9      | 8429 ||| Stepping ~*~*~tactically~*~*~ (outnumbered).
  8430 | D:9      | 8430 ||| Stepping ~*~*~tactically~*~*~ (outnumbered).
  8548 | D:9      | Killed a two-headed ogre
  8625 | D:9      | 8625 ||| PLANNING TEMPLE
  8625 | D:9      | 8625 ||| UPGRADING to +0 kite shield.
  8630 | D:9      | 8630 ||| UPGRADING to +0 troll leather armour.
  8640 | D:9      | 8640 ||| READING scroll labelled LEMYUS RAOBO.
  8641 | D:9      | 8641 ||| READING 2 scrolls of identify.
  8641 | D:9      | 8641 ||| IDENTIFYING murky sapphire potion
  8645 | D:9      | Found a transporter.
  8682 | D:6      | Reached skill level 1 in Shields
  8759 | Temple   | Entered the Ecumenical Temple
  8770 | Temple   | 8770 ||| PLANNING CONVERSION TO OKAWARU
  8778 | Temple   | Fell from the grace of Ignis
  8778 | Temple   | Became a worshipper of Warmaster Okawaru
  8779 | Temple   | 8779 ||| PLANNING D:1-11
  9095 | D:9      | 9095 ||| Stepping ~*~*~tactically~*~*~ (stealth).
  9096 | D:9      | 9096 ||| Stepping ~*~*~tactically~*~*~ (stealth).
  9097 | D:9      | 9097 ||| Stepping ~*~*~tactically~*~*~ (stealth).
  9106 | D:9      | Killed a purple ugly thing
  9107 | D:9      | Reached skill level 3 in Shields
  9202 | D:9      | Found a transporter.
  9204 | D:9      | 9204 ||| UPGRADING to +0 acid dragon scales.
  9214 | D:9      | 9214 ||| DROPPING +0 troll leather armour.
  9215 | D:9      | 9215 ||| READING scroll of enchant armour.
  9215 | D:9      | 9215 ||| ENCHANTING +0 acid dragon scales.
  9216 | D:9      | 9216 ||| DROPPING amulet of magic regeneration.
  9257 | D:10     | Entered Level 10 of the Dungeon
  9272 | D:10     | 9272 ||| Stepping ~*~*~tactically~*~*~ (outnumbered).
  9273 | D:10     | 9273 ||| Stepping ~*~*~tactically~*~*~ (outnumbered).
  9274 | D:10     | 9274 ||| Stepping ~*~*~tactically~*~*~ (outnumbered).
  9276 | D:10     | 9276 ||| Stepping ~*~*~tactically~*~*~ (outnumbered).
  9292 | D:10     | Reached * piety under Okawaru
  9293 | D:10     | 9293 ||| INVOKING Heroism.
  9296 | D:10     | Reached skill level 1 in Invocations
  9356 | D:10     | 9356 ||| INVOKING Heroism.
  9443 | D:10     | 9443 ||| INVOKING Heroism.
  9444 | D:10     | 9444 ||| INVOKING Heroism.
  9449 | D:10     | HP: 22/96 [fire elemental[the fiery vengeance of Ignis]
                  | (9)]
  9450 | D:10     | 9450 ||| READING 5 scrolls of teleportation.
  9457 | D:10     | 9457 ||| INVOKING Heroism.
  9659 | D:10     | 9659 ||| INVOKING Heroism.
  9686 | D:10     | You fall into a shaft and drop 3 floors!
  9699 | D:13     | Noticed a manticore
  9700 | D:13     | 9700 ||| Stepping ~*~*~tactically~*~*~ (hiding).
  9703 | D:13     | 9703 ||| INVOKING Heroism.
  9708 | D:13     | Killed a manticore
  9709 | D:13     | Reached skill level 1 in Armour
  9709 | D:13     | Reached skill level 3 in Invocations
  9765 | D:13     | Noticed a boulder beetle
  9766 | D:13     | 9766 ||| INVOKING Heroism.
  9774 | D:13     | Killed a boulder beetle
  9774 | D:13     | Reached ** piety under Okawaru
  9775 | D:13     | Reached XP level 11. HP: 99/104 MP: 10/12
  9802 | D:13     | 9802 ||| READING 5 scrolls of teleportation.
  9807 | D:13     | Noticed a centaur warrior
  9807 | D:13     | Noticed a two-headed ogre
  9808 | D:13     | 9808 ||| INVOKING Heroism.
  9813 | D:13     | Killed a two-headed ogre
  9815 | D:13     | HP: 22/104 [centaur warrior/arrow (12)]
  9816 | D:13     | 9816 ||| READING 4 scrolls of teleportation.
  9816 | D:13     | Shot with an arrow by a centaur warrior

Levels and vault maps discovered:
D:1:      roderic_octagonal_star, layout_basic, minmay_quantized
D:2:      layout_loops_ring, ebering_ecumenical_altar_rust, minmay_bisected,
          uniq_jessica, uniq_robin
D:3:      layout_loops_corners
D:4:      layout_rooms, gup_ossuary_entry_pyramid, kennysheep_generic_room_10,
          uniq_grinder
D:5:      layout_loops_corners, minmay_temple_entry_butterflies,
          minmay_misc_feat_secret_circle, minmay_mini_ossuary
D:6:      layout_loops_corners, nicolae_tso_besieged_by_evil, serial_shops,
          nicolae_shop_crystal, lexackson_kobold_supper
D:7:      gammafunk_beogh_shrine, layout_basic, old_standard_altar,
          jmf_multi_god_temple2
D:8:      layout_loops_ring, yredelemnul_forgotten_temple_becter, uniq_psyche
D:9:      gammafunk_cloud_chamber, layout_basic, uniq_pikel
D:10:     cheibrodos_grave_circle, layout_basic
D:13:     layout_rooms
Temple:   nicolae_temple_bog_church

Skill      XL: |  1  2  3  4  5  6  7  8  9 10 11 |
---------------+----------------------------------+-----
Unarmed Combat | 4 5 7 8 9 11 13 | 13.3
Fighting       | 3 4 5 |  5.2
Dodging        | 1 |  1.4
Throwing       | 1 4 |  4.1
Shields        | 5 |  5.7
Invocations    | 3 4 |  4.0
Armour         | 1 |  1.7
Spellcasting   | |  1.0
Fire Magic     | |  2.1

Action                   |  1- 3 |  4- 6 |  7- 9 | 10-12 || total
-------------------------+-------+-------+-------+-------++-------
Melee: Unarmed           |    68 |   134 |   370 |    98 ||   670
       Punch             |     1 |     7 |    13 |     2 ||    23
Throw: Boomerang         |       |       |    24 |       ||    24
       Large rock        |       |       |       |    15 ||    15
       Javelin           |       |       |       |     1 ||     1
Invok: Fiery Armour      |       |     3 |     8 |     1 ||    12
       Heroism           |       |       |       |     8 ||     8
  Use: Scroll            |     5 |     6 |    12 |     7 ||    30
       Potion            |     1 |     3 |     1 |       ||     5
Armor: Robe              |    28 |    36 |    71 |       ||   135
       Acid dragon scale |       |       |       |    43 ||    43
       Troll leather arm |       |       |       |     4 ||     4
Dodge: Dodged            |    21 |    39 |   116 |    58 ||   234
       Repelled          |       |       |       |     1 ||     1
Block: Kite shield       |       |       |       |    39 ||    39

Table legend:
 A = Non-vault XP
 B = Vault XP
 C = Vault XP percentage of total XP
 D = Non-vault monster count
 E = Vault monster count
 F = Vault count percentage of total count
                 A         B        C        D         E       F
            +---------+---------+-------+---------+---------+-------
      Total |   10160 |    1832 |  15.3 |     180 |     100 |  35.7
            +---------+---------+-------+---------+---------+-------
        D:1 |      24 |       8 |  25.0 |      11 |       4 |  26.7
        D:2 |      29 |      71 |  71.0 |      15 |      12 |  44.4
        D:3 |     164 |       0 |   0.0 |      28 |       0 |   0.0
        D:4 |     137 |     295 |  68.3 |       9 |       2 |  18.2
        D:5 |     201 |      22 |   9.9 |       8 |       5 |  38.5
        D:6 |    1184 |     166 |  12.3 |      35 |      20 |  36.4
        D:7 |     425 |       0 |   0.0 |      13 |       0 |   0.0
        D:8 |     882 |     384 |  30.3 |      19 |       2 |   9.5
        D:9 |    3258 |     607 |  15.7 |      24 |       1 |   4.0
       D:10 |    1597 |       0 |   0.0 |      15 |       0 |   0.0
       D:13 |    2259 |       0 |   0.0 |       3 |       0 |   0.0
    Ossuary |       0 |     279 | 100.0 |       0 |      54 | 100.0
            +---------+---------+-------+---------+---------+-------
